 Dungeon Crawl Stone Soup version 0.28.0-1-gb440e238dd (webtiles) character file.

Game seed: 1838042433469769989

57 Ablot the Grasshopper (level 4, -1/38 HPs)
             Began as a Gnoll Warper on Feb 26, 2022.
             Killed by divine providence
             ... invoked by an orc priest
              (17 damage)
             ... on level 2 of the Dungeon.
             The game lasted 00:01:44 (1776 turns).

Ablot the Grasshopper (Gnoll Warper)                Turns: 1776, Time: 00:01:45

Health: -1/38      AC:  3    Str: 12    XL:     4   Next: 0%
Magic:  11/11      EV: 12    Int: 13    God:
Gold:   30         SH:  0    Dex: 11    Spells: 11/13 levels left

rFire   . . .      SeeInvis .   a - +0 spear
rCold   . . .      Faith    .   (no shield)
rNeg    . . .      Spirit   .   b - +0 leather armour
rPois   .          Reflect  .   (no helmet)
rElec   .          Harm     .   (no cloak)
rCorr   .          Rampage  .   (no gloves)
Will    +....                   (no boots)
Stlth   +.........              (no amulet)
HPRegen 0.12/turn               e - ring of willpower
MPRegen 0.12/turn               (no ring)

@: no status effects
A: fangs 1, strong nose, distributed training
a: no special abilities


You were on level 2 of the Dungeon.
You visited 1 branch of the dungeon, and saw 2 of its levels.

You collected 30 gold pieces.

Inventory:

Hand Weapons
 a - a +0 spear (weapon)
Missiles
 d - 5 boomerangs of dispersal (quivered)
 g - 64 stones
 j - 58 arrows
 m - 4 atropa-tipped darts
Armour
 b - a +0 leather armour (worn)
 k - a +0 buckler
Jewellery
 e - a ring of willpower (left hand)
Scrolls
 c - 2 scrolls of blinking
Potions
 f - a potion of heal wounds {unknown}
 h - a potion of lignification {unknown}
 i - a potion of invisibility {unknown}
 l - a potion of curing {unknown}
 n - a potion of brilliance {unknown}


   Skills:
 + Level 4.6 Fighting
 + Level 1.0 Short Blades
 + Level 1.0 Long Blades
 + Level 1.0 Axes
 + Level 1.0 Maces & Flails
 + Level 4.6 Polearms
 + Level 1.0 Staves
 + Level 1.0 Slings
 + Level 1.0 Bows
 + Level 1.0 Crossbows
 + Level 2.7 Throwing
 + Level 2.7 Armour
 + Level 4.6 Dodging
 + Level 1.0 Stealth
 + Level 1.0 Shields
 + Level 1.0 Unarmed Combat
 + Level 5.0 Spellcasting
 + Level 0.7 Conjurations
 + Level 0.7 Hexes
 + Level 0.7 Summonings
 + Level 0.7 Necromancy
 + Level 5.4 Translocations
 + Level 0.7 Transmutations
 + Level 0.7 Fire Magic
 + Level 0.7 Ice Magic
 + Level 0.7 Air Magic
 + Level 0.7 Earth Magic
 + Level 0.7 Poison Magic
 + Level 1.1 Invocations
 + Level 1.0 Evocations


You had 11 spell levels left.
You knew the following spells:

 Your Spells              Type           Power      Damage    Failure   Level
a - Blink                 Tloc           34%        N/A       3%          2

Your spell library contained the following spells:

 Spells                   Type           Power      Damage    Failure   Level
 Gell's Gravitas          Tloc           17%        N/A       8%          3
 Lesser Beckoning         Tloc           17%        N/A       8%          3
 Teleport Other           Tloc           17%        N/A       8%          3
 Manifold Assault         Tloc           17%        N/A       56%         5


Dungeon Overview and Level Annotations

Branches:
Dungeon (2/15)

Altars:


Innate Abilities, Weirdness & Mutations

You have very sharp teeth.
Your uncanny sense of smell can sniff out nearby items.
Your experience applies equally to all skills.


Message History

The orc misses you.
You closely miss the orc.
The orc is heavily wounded.
The orc hits you with a +0 dagger.
You hit the orc but do no damage.
The orc is heavily wounded.
You barely miss the orc.
The orc is heavily wounded.
The orc hits you but does no damage.
There is a stone staircase leading up here.
The orc hits you with a +0 dagger.
You climb upwards.
There is a stone staircase leading down here.
You hit the orc.
The orc is heavily wounded.
The orc closely misses you.
You hit the orc. Your bite misses the orc.
The orc is severely wounded.
The orc misses you.
You hit the orc.
You kill the orc!
You have reached level 4!
You feel clever.
You start resting.
HP restored.
You climb downwards.
The orc priest hits you with a +0 club.
There is a stone staircase leading up here.
You barely miss the orc priest.
You bite the orc priest, but do no damage.
The orc priest closely misses you.
You hit the orc priest.
The orc priest is moderately wounded.
The orc priest calls down the wrath of Beogh upon you.
Beogh smites you!
You hear a shout!
You hit the orc priest.
The orc priest is heavily wounded.
The orc priest calls down the wrath of Beogh upon you.
Beogh smites you!
You die...

#.##..#######...###
#.###......#....# ..#
######...#..#
.#########..##..# #.
#........#...#### ..
#................
#...)......#.####
####....####.#.####
##.@o.#..# #.......
#..####..# ###..###
#.## ##..#######.###
... ##.............#
#.#####...............
## #................#
#.......o........#
#..###.........#...
#######..#
#.............


You could see an orc priest.

Vanquished Creatures
  2 adders
  2 dart slugs
  An orc (D:1)
  4 endoplasms
  3 giant cockroaches
  5 hobgoblins
  A quokka (D:2)
  4 ball pythons
  4 bats (D:1)
  A frilled lizard (D:1)
  3 kobolds
  3 rats (D:1)
33 creatures vanquished.

Notes
Turn   | Place    | Note
-------+----------+-------------------------------------------
     0 | D:1      | Ablot the Gnoll Warper began the quest for the Orb.
     0 | D:1      | Reached XP level 1. HP: 20/20 MP: 6/6
   263 | D:1      | Reached XP level 2. HP: 26/26 MP: 7/7
   266 | D:1      | Learned a level 2 spell: Blink
   684 | D:1      | Reached XP level 3. HP: 24/31 MP: 9/9
   924 | D:2      | Reached skill level 5 in Spellcasting
  1009 | D:2      | Reached skill level 1 in Invocations
  1039 | D:2      | HP: 1/31 [constriction (1)]
  1487 | D:1      | Reached skill level 1 in Short Blades
  1487 | D:1      | Reached skill level 1 in Long Blades
  1487 | D:1      | Reached skill level 1 in Axes
  1487 | D:1      | Reached skill level 1 in Maces & Flails
  1487 | D:1      | Reached skill level 1 in Staves
  1487 | D:1      | Reached skill level 1 in Slings
  1487 | D:1      | Reached skill level 1 in Bows
  1487 | D:1      | Reached skill level 1 in Crossbows
  1487 | D:1      | Reached skill level 1 in Stealth
  1487 | D:1      | Reached skill level 1 in Shields
  1487 | D:1      | Reached skill level 1 in Unarmed Combat
  1487 | D:1      | Reached skill level 1 in Evocations
  1658 | D:1      | Reached XP level 4. HP: 24/38 MP: 11/11
  1776 | D:2      | Killed from afar by an orc priest

Illustrated notes

Levels and vault maps discovered:
D:1:      dpeg_arrival_concentric_ovals, layout_basic, minmay_tetromino_l4
D:2:      layout_rooms

Skill      XL: |  1  2  3 |
---------------+----------+-----
Spellcasting   | 5 |  5.0
Invocations    | 1 |  1.1
Short Blades   | 1 |  1.0
Long Blades    | 1 |  1.0
Axes           | 1 |  1.0
Maces & Flails | 1 |  1.0
Staves         | 1 |  1.0
Slings         | 1 |  1.0
Bows           | 1 |  1.0
Crossbows      | 1 |  1.0
Stealth        | 1 |  1.0
Shields        | 1 |  1.0
Unarmed Combat | 1 |  1.0
Evocations     | 1 |  1.0
Fighting       | |  4.6
Polearms       | |  4.6
Throwing       | |  2.7
Armour         | |  2.7
Dodging        | |  4.6
Conjurations   | |  0.7
Hexes          | |  0.7
Summonings     | |  0.7
Necromancy     | |  0.7
Translocations | |  5.4
Transmutations | |  0.7
Fire Magic     | |  0.7
Ice Magic      | |  0.7
Air Magic      | |  0.7
Earth Magic    | |  0.7
Poison Magic   | |  0.7

Action                   |  1- 3 |  4- 6 || total
-------------------------+-------+-------++-------
Melee: Spear             |   149 |     3 ||   152
       Bite              |    10 |     1 ||    11
       Punch             |     1 |       ||     1
 Cast: Blink             |     1 |       ||     1
 Stab: Sleeping          |     1 |       ||     1
Armor: Leather armour    |    36 |       ||    36
Dodge: Dodged            |    72 |     1 ||    73
